 Dungeon Crawl Stone Soup version 0.29.1-2-gbd0b4ee654 (webtiles) character file.

Game seed: 16541465657491637059

159 xian the Trooper (level 5, -2/42 HPs)
             Began as a Demonspawn Abyssal Knight on Nov 12, 2022.
             Was a Priest of Lugonu.
             Slain by Terence
             ... wielding a +0 flail
              (7 damage)
             ... on level 3 of the Dungeon.
             The game lasted 00:05:32 (3219 turns).

xian the Trooper (Demonspawn Abyssal Knight)        Turns: 3219, Time: 00:05:33

Health: -2/42      AC:  6    Str: 20    XL:     5   Next: 17%
Magic:  7/7        EV:  9    Int: 10    God:    Lugonu [***...]
Gold:   113        SH:  0    Dex: 12    Spells: 4/4 levels left

rFire   . . .      SeeInvis .   a - +1 hand axe
rCold   . . .      Faith    .   (no shield)
rNeg    . . .      Spirit   .   i - +0 scale mail
rPois   .          Reflect  .   (no helmet)
rElec   .          Harm     .   (no cloak)
rCorr   .          Rampage  .   (no gloves)
Will    .....                   (no boots)
Stlth   ..........              (no amulet)
HPRegen 0.14/turn               (no ring)
MPRegen 0.10/turn               (no ring)

@: grasped by roots, constricted
A: repulsion field 1, powered by death 2, strong 1
a: Renounce Religion, Depart the Abyss, Bend Space, Banish


You were on level 3 of the Dungeon.
You worshipped Lugonu.
Lugonu was most pleased with you.
You visited 1 branch of the dungeon, and saw 3 of its levels.
You visited the Abyss 1 time.

You collected 113 gold pieces.

Inventory:

Hand Weapons
 a - a +1 hand axe (weapon)
Missiles
 g - 10 boomerangs (quivered)
Armour
 i - a +0 scale mail (worn)
Magical Staves
 b - a staff of conjuration
Scrolls
 c - 5 scrolls of identify {unknown}
 d - 2 scrolls of vulnerability
 e - a scroll of fear {unknown}
 f - a scroll of blinking
 j - 2 scrolls of teleportation {unknown}
 k - a scroll of immolation {unknown}
 m - a scroll of amnesia {unknown}


   Skills:
 + Level 3.7 Fighting
 + Level 3.1 Axes
 + Level 2.8 Armour
 + Level 1.3 Dodging
 + Level 0.1 Stealth
 * Level 3.6 Invocations


You had 4 spell levels left.
You didn't know any spells.
Your spell library contained the following spells:

 Spells                   Type           Power      Damage    Failure   Level
 Apportation              Tloc           0%         N/A       71%         1
 Necrotise                Necr           0%         1d4       71%         1
 Summon Small Mammal      Summ           0%         N/A       71%         1
 Ignite Poison            Fire/Tmut/Pois 0%         N/A       97%         3
 Mephitic Cloud           Conj/Pois/Air  0%         N/A       97%         3
 Freezing Cloud           Conj/Ice/Air   0%         6-21      100%        5


Dungeon Overview and Level Annotations

Branches:
Dungeon (3/15)

Altars:

Annotations:
D:3 Terence


Innate Abilities, Weirdness & Mutations

You are surrounded by a mild repulsion field. (EV +2)
You regenerate health from kills.
Your muscles are strong. (Str +4, Int/Dex -1)


Message History

You hit Terence.
Terence is heavily wounded.
Terence barely misses you.
You hit Terence but do no damage.
Terence is heavily wounded.
Terence misses you.
You hit Terence.
Terence is heavily wounded.
A goblin comes into view.
It is wielding a +0 dagger and carrying a wand of roots (6).
Terence closely misses you.
The goblin shouts!
You hit Terence. You punch Terence.
Terence is severely wounded.
Terence hits you with a +0 flail.
You barely miss Terence.
Terence is severely wounded.
Terence barely misses you.
You barely miss Terence.
Terence is severely wounded.
The goblin zaps a wand.
The roots erupt in riotous growth!
The grasping roots grab you!
Terence is unaffected.
The grasping roots constrict you. Terence hits you with a +0 flail.
You hear an angry hiss.
You barely miss Terence.
Terence is severely wounded.
The grasping roots constrict you. Terence hits you with a +0 flail.
You hit Terence.
Terence is almost dead.
The grasping roots constrict you.
* * * LOW HITPOINT WARNING * * *
Terence hits you but does no damage. The grasping roots constrict you.
* * * LOW HITPOINT WARNING * * *
Terence closely misses you.
You barely miss Terence.
Terence is almost dead.
The grasping roots constrict you.
* * * LOW HITPOINT WARNING * * *
Terence hits you with a +0 flail!
You die...

#....# #....# #....#######
###..........# #............#
# #.#..........# #.
#.####.......# #.##.#
#...##..# #..#.# ##@@.##..#
#...##...g.##..#####..
.######.##.#.#................
.............##....###........
.##................##.........
#...$(.............#.........
...#...†..)...................
.# #.........##.....#.........
#..!........##..†.#.........


You could see Terence and a goblin.

Vanquished Creatures
  A hound (D:3)
  Natasha (D:3)
  2 adders
  5 worms
  3 dart slugs
  8 ball pythons
  9 bats
  8 endoplasms
  2 giant cockroaches (D:2)
  7 goblins
  4 hobgoblins
  3 kobolds
  5 quokkas
  2 frilled lizards (D:2)
  6 rats
66 creatures vanquished.

Notes
Turn   | Place    | Note
-------+----------+-------------------------------------------
     0 | Abyss:1  | xian the Demonspawn Abyssal Knight began the quest for the
                  | Orb.
     0 | Abyss:1  | Reached XP level 1. HP: 18/18 MP: 2/2
    26 | Abyss:1  | Found a corrupted altar of Lugonu.
    35 | Abyss:1  | Noticed a large abomination
    36 | D:1      | Escaped the Abyss
   593 | D:1      | Gained mutation: You regenerate a little health from kills.
                  | [demonic ancestry]
   593 | D:1      | Reached XP level 2. HP: 21/24 MP: 3/3
  1237 | D:2      | Reached skill level 1 in Dodging
  1237 | D:2      | Gained mutation: You are surrounded by a mild repulsion
                  | field. (EV +2) [demonic ancestry]
  1237 | D:2      | Reached XP level 3. HP: 4/29 MP: 4/4
  2126 | D:2      | Reached *** piety under Lugonu
  2144 | D:2      | Gained mutation: You regenerate health from kills. [demonic
                  | ancestry]
  2144 | D:2      | Reached XP level 4. HP: 32/36 MP: 6/6
  2293 | D:2      | Found a faded altar of an unknown god.
  2734 | D:3      | Noticed Natasha
  2746 | D:3      | Killed Natasha
  2916 | D:3      | Noticed Terence
  2922 | D:3      | Gained mutation: Your muscles are strong. (Str +4, Int/Dex
                  | -1) [potion of mutation]
  2925 | D:3      | Reached XP level 5. HP: 14/42 MP: 7/7
  3219 | D:3      | Slain by Terence

Illustrated notes

Levels and vault maps discovered:
D:1:      minmay_arrival_hallway, layout_loops_corners
D:2:      layout_basic, chequers_ecumenical_altar_grove, nicolae_hexahallways,
          corexii_hall_statues_s, minmay_joined_circles
D:3:      layout_rooms, biasface_ghost_orc_armoury, uniq_terence, uniq_natasha,
          uniq_crazy_yiuf_cottage

Skill      XL: |  1  2  3  4 |
---------------+-------------+-----
Axes           | 2 3 |  3.1
Armour         | 2 |  2.8
Dodging        | 1 |  1.3
Invocations    | 3 |  3.6
Fighting       | |  3.7
Stealth        | |  0.1

Action                   |  1- 3 |  4- 6 || total
-------------------------+-------+-------++-------
Melee: Hand axe          |   142 |   117 ||   259
       Punch             |     1 |     2 ||     3
Throw: Boomerang         |     1 |     1 ||     2
Invok: Depart the Abyss  |     1 |       ||     1
  Use: Potion            |       |     3 ||     3
       Scroll            |       |     2 ||     2
Armor: Leather armour    |     4 |       ||     4
       Ring mail         |    14 |       ||    14
       Scale mail        |    41 |    41 ||    82
Dodge: Dodged            |    76 |    79 ||   155
